 Dungeon Crawl Stone Soup version 0.17.0-28-g6e173f8 (webtiles) character file.

6092 GeneralIdiocy the Carver (level 10, -2/80 HPs)
             Began as a Demonspawn Gladiator on Nov 26, 2015.
             Was a Believer of Ashenzari.
             Slain by a 16-headed hydra (3 damage)
             ... on level 2 of the Lair of Beasts.
             The game lasted 00:22:18 (10593 turns).

GeneralIdiocy the Carver (Demonspawn Gladiator)    Turns: 10593, Time: 00:22:19

Health: -2/80      AC: 12    Str: 17    XL:     10   Next: 58%
Magic:  19/19      EV: 10    Int: 11    God:    Ashenzari [**....]
Gold:   553        SH: 15    Dex: 14    Spells: 0 memorised, 9 levels left

rFire  . . .     SeeInvis .     a - +1 long sword (curse)
rCold  . . .     Clarity  .     G - +2 ring mail of the Harp {+Fly MP+9 Stlth+} (curse)
rNeg   . . .     SustAt   .     w - +1 shield (curse)
rPois  .         Gourm    .     (helmet restricted)
rElec  .         Spirit   .     O - +0 cloak (curse)
rCorr  +         Warding  .     (no gloves)
rMut   .         Stasis   .     (no boots)
MR     .....                    m - amulet of resist corrosion
Stlth  ++........               U - ring of wizardry
                                s - +2 ring of slaying

@: not resistant to hostile enchantments, unstealthy
A: horns 2, large bone plates 2, spiny 1
a: Scrying, Renounce Religion, Evoke Flight


You were on level 2 of the Lair of Beasts.
You worshipped Ashenzari.
Ashenzari was pleased with you.
You were not hungry.

You visited 2 branches of the dungeon, and saw 11 of its levels.
You also visited: Sewer and Ossuary.

You collected 553 gold pieces.

Inventory:

Hand Weapons
 a - a cursed +1 long sword (weapon)
Missiles
 d - a throwing net (quivered)
Armour
 w - a cursed +1 shield (worn)
 G - the cursed +2 ring mail of the Harp (worn) {+Fly MP+9 Stlth+}
   (You found it on level 5 of the Dungeon)

   It affects your magic capacity (+9).
   It lets you fly.
   It makes you more stealthy.
   It has a curse placed upon it.
 O - a cursed +0 cloak (worn)
Jewellery
 m - an amulet of resist corrosion (around neck)
 s - a +2 ring of slaying (left hand)
 B - an uncursed ring of stealth
 U - a ring of wizardry (right hand)
Wands
 h - a wand of fireball (0)
 o - a wand of fire (9)
 q - a wand of cold (8)
 y - a wand of lightning (0)
 C - a wand of confusion (0)
 D - a wand of paralysis (4)
 E - a wand of digging (9)
 H - a wand of polymorph (6)
Scrolls
 b - 2 scrolls of fog
 f - 5 scrolls of amnesia
 k - a scroll of enchant weapon
 n - 3 scrolls of curse weapon
 p - 3 scrolls of recharging
 r - 3 scrolls of remove curse
 t - 3 scrolls of magic mapping
 u - 8 scrolls of teleportation
 x - 2 scrolls of identify
 I - 2 scrolls of blinking
 Y - a scroll of curse armour
 Z - a scroll of curse jewellery
Potions
 c - 2 potions of resistance
 i - 3 potions of agility
 j - a potion of brilliance
 v - 3 potions of cancellation
 z - a potion of cure mutation
 A - a potion of lignification
 F - 2 potions of ambrosia
 J - a potion of haste
 K - 2 potions of heal wounds
 L - 2 potions of might
 M - 3 potions of curing
Books
 l - a book of Power

   Spells                             Type                      Level
   a - Fulminant Prism                Conjuration/Hexes            4
   b - Iskenderun's Mystic Blast      Conjuration                  4
   c - Venom Bolt                     Conjuration/Poison           5
   d - Bolt of Magma                  Conjuration/Fire/Earth       5
   e - Iron Shot                      Conjuration/Earth            6
   f - Orb of Destruction             Conjuration                  7
   g - Spellforged Servitor           Conjuration/Summoning        7
 N - a book of Envenomations

   Spells                             Type                      Level
   a - Spider Form                    Transmutation/Poison         3
   b - Alistair's Intoxication        Transmutation/Poison         4
   c - Olgreb's Toxic Radiance        Poison                       4
   d - Poisonous Cloud                Conjuration/Poison/Air       6
Comestibles
 e - 7 bread rations
 g - 7 meat rations
 S - 2 beef jerkies
 V - 2 royal jellies


   Skills:
 + Level 7.8 Fighting
 * Level 9.9(12.0) Long Blades
 - Level 1.7 Throwing
 + Level 6.1 Armour
 - Level 2.6 Dodging
 + Level 6.2(7.7) Shields


You had 9 spell levels left.
You didn't know any spells.

Dungeon Overview and Level Annotations

Branches:
Dungeon (9/15)             Temple (0/1) D:7            Lair (2/8) D:8
    Orc (0/4) D:9

Altars:
Ashenzari
Fedhas
Nemelex Xobeh
Qazlal
Ru

Shops:
D:9 (

Annotations:
D:9 exclusion: ice statue, Maurice


Innate Abilities, Weirdness & Mutations

You have a pair of horns on your head.
You are mostly covered in large bone plates (AC +3, SH +3).
You are partially covered in sharp spines.


Message History

The 15-headed hydra barely misses you. The 15-headed hydra bites you!
You hack one of the 15-headed hydra's heads off!
The 14-headed hydra grows two more!
You slash the 16-headed hydra! You headbutt the 16-headed hydra.
The 16-headed hydra is almost dead.
The 16-headed hydra is struck by your spines.
The 16-headed hydra bites you but does no damage.
The 16-headed hydra bites you. You block the 16-headed hydra's attack.
You block the 16-headed hydra's attack. x2
The 16-headed hydra bites you!
* * * LOW HITPOINT WARNING * * *
You block the 16-headed hydra's attack. The 16-headed hydra bites you.
* * * LOW HITPOINT WARNING * * *
You block the 16-headed hydra's attack. The 16-headed hydra bites you!
* * * LOW HITPOINT WARNING * * *
The 16-headed hydra bites you but does no damage. x2
The 16-headed hydra bites you.
* * * LOW HITPOINT WARNING * * *
The 16-headed hydra bites you.
You die...

##...P######.......#. *
#...## ##...##..# * ,
##.... #..##....
#.....## #..#.# . ,
#....#.# #...# * , ,*
#.....# ###..## . * , ,
###.?.P.####....# **..#
......#.#.#.#.#[####..
, ,
#..PPSD@Y...........#.#
*....#.#.#.#.#.#.#....#
* ..........<.......###
* ......#.#.#.#.#.#.# ,
.##.#.......$...(.# ,
.....#.#.#.#.#.#.# * *
*###...............# *
#....#)#.#.#.#.#.# * *
##...............#


You could see a 16-headed hydra, a yak and a water moccasin.

Vanquished Creatures
  A komodo dragon (Lair:1)
  3 blink frogs (Lair:1)
  6 yaks (Lair:1)
  3 hippogriffs
  Edmund (D:6)
  3 porcupines (Lair:1)
  2 water moccasins
  2 orc warriors
  A phantom (D:4)
  2 ice beasts
  6 ogres
  3 centaurs
  A crocodile (Lair:1)
  3 big kobolds
  A gnoll sergeant (D:8)
  4 giant frogs
  4 scorpions
  A water moccasin skeleton (D:8)
  A wight (D:4)
  5 orc priests
  2 centaur skeletons
  A quasit (D:7)
  A giant frog skeleton (D:7)
  4 hounds
  Jessica (D:2)
  An iguana (D:5)
  Terence (D:2)
  8 worker ants
  4 orc wizards
  8 sheep (Lair:1)
  A hound skeleton (D:7)
  A worker ant zombie (D:5)
  9 adders
  21 river rats
  An ooze (D:1)
  5 worms
  2 adder skeletons
  7 giant geckos
  27 orcs
  2 bats (D:2)
  7 giant cockroaches
  7 goblins
  9 hobgoblins
  10 jackals
  5 quokkas
  3 ball pythons
  A ball python skeleton (Ossuary)
  5 giant newts
  5 hobgoblin skeletons (Ossuary)
  16 kobolds
  A kobold zombie (Ossuary)
  2 orc skeletons (Ossuary)
  An orc zombie (Ossuary)
  7 rats
239 creatures vanquished.

Notes
Turn   | Place    | Note
--------------------------------------------------------------
     0 | D:1      | GeneralIdiocy the Demonspawn Gladiator began the quest for the Orb.
     0 | D:1      | Reached XP level 1. HP: 16/16 MP: 1/1
   384 | D:1      | Reached skill level 3 in Long Blades
   384 | D:1      | Gained mutation: You have a pair of small horns on your head. [demonic ancestry]
   384 | D:1      | Reached XP level 2. HP: 23/23 MP: 2/2
   771 | D:2      | Gained mutation: You are partially covered in large bone plates (AC +2, SH +2). [demonic ancestry]
   771 | D:2      | Reached XP level 3. HP: 9/28 MP: 3/3
  1061 | D:2      | Noticed Terence
  1074 | D:2      | Killed Terence
  1349 | D:2      | Reached XP level 4. HP: 35/35 MP: 4/4
  1600 | D:2      | Reached skill level 4 in Long Blades
  1672 | D:2      | Noticed Jessica
  1679 | D:2      | Killed Jessica
  1970 | D:3      | Reached XP level 5. HP: 24/41 MP: 5/5
  2564 | D:4      | Noticed a phantom
  2570 | D:4      | Reached skill level 5 in Long Blades
  2570 | D:4      | Reached skill level 1 in Armour
  2570 | D:4      | Reached skill level 1 in Shields
  2581 | D:4      | Reached XP level 6. HP: 27/48 MP: 6/6
  2608 | D:4      | Killed a phantom
  2645 | D:4      | Found a sand-covered staircase.
  2830 | Ossuary  | Entered an ossuary
  2920 | Ossuary  | Noticed a wraith
  2920 | Ossuary  | Noticed a flying skull
  2962 | Ossuary  | Noticed a wraith
  2995 | Ossuary  | Noticed a wraith
  3315 | D:4      | Noticed an ogre
  3317 | D:4      | Killed an ogre
  3317 | D:4      | Reached XP level 7. HP: 54/54 MP: 7/7
  3859 | D:4      | Reached skill level 6 in Long Blades
  3986 | D:5      | Entered Level 5 of the Dungeon
  4241 | D:5      | Got a jewelled ring mail
  4566 | D:5      | Got a faintly glowing scale mail
  4577 | D:5      | Identified the +1 scale mail of Devotion {Int+4} (You found it on level 5 of the Dungeon)
  4587 | D:5      | Identified the +2 ring mail of the Harp {+Fly MP+9 Stlth+} (You found it on level 5 of the Dungeon)
  4611 | D:5      | Found a blossoming altar of Fedhas.
  4636 | D:5      | Gained mutation: You have a pair of horns on your head. [demonic ancestry]
  4636 | D:5      | Reached XP level 8. HP: 42/61 MP: 8/8
  4697 | D:5      | Found a glowing drain.
  4717 | Sewer    | Entered a sewer
  4731 | Sewer    | Reached skill level 5 in Fighting
  5383 | D:5      | Found a sparkling altar of Nemelex Xobeh.
  5464 | D:5      | Reached skill level 7 in Long Blades
  5880 | D:6      | Noticed Edmund
  5892 | D:6      | Killed Edmund
  6125 | D:6      | Found a stormy altar of Qazlal.
  6551 | D:7      | Found a sacrificial altar of Ru.
  6551 | D:7      | Found a shattered altar of Ashenzari.
  6574 | D:7      | Became a worshipper of Ashenzari the Shackled
  6687 | D:7      | Found a staircase to the Ecumenical Temple.
  7015 | D:8      | Gained mutation: You are partially covered in sharp spines. [demonic ancestry]
  7015 | D:8      | Reached XP level 9. HP: 69/69 MP: 9/9
  7479 | D:7      | Reached skill level 8 in Long Blades
  7632 | D:8      | Found a staircase to the Lair.
  7931 | D:8      | Reached * piety under Ashenzari
  8042 | D:9      | Noticed an ice statue
  8071 | D:9      | Noticed Maurice
  8218 | D:9      | Found a staircase to the Orcish Mines.
  8218 | D:9      | Found Taobbud's Weapon Emporium.
  8399 | D:8      | Reached skill level 5 in Shields
  8835 | D:8      | Reached skill level 5 in Armour
  8966 | Lair:1   | Entered Level 1 of the Lair of Beasts
  9293 | Lair:1   | Reached skill level 9 in Long Blades
  9293 | Lair:1   | Gained mutation: You are mostly covered in large bone plates (AC +3, SH +3). [demonic ancestry]
  9293 | Lair:1   | Reached XP level 10. HP: 79/79 MP: 10/10
  9383 | Lair:1   | Reached ** piety under Ashenzari
  9587 | Lair:1   | Noticed a komodo dragon
  9598 | Lair:1   | Killed a komodo dragon
 10171 | Lair:2   | Noticed a seven-headed hydra
 10593 | Lair:2   | HP: 1/80 [16-headed hydra (6)]
 10593 | Lair:2   | Slain by a 16-headed hydra

Action                   |  1- 3 |  4- 6 |  7- 9 | 10-12 || total
-------------------------+-------+-------+-------+-------++-------
Melee: Long sword        |    99 |   222 |   493 |   119 ||   933
Throw: Throwing net      |     4 |       |     2 |       ||     6
 Abil: Evoke Flight      |       |       |     1 |       ||     1
Evoke: Wand              |       |     3 |    12 |     2 ||    17
  Use: Potion            |     2 |     1 |     6 |     1 ||    10
       Scroll            |       |     3 |    17 |     3 ||    23
 Stab: Held in net/web   |       |       |     1 |       ||     1
       Sleeping          |       |       |     8 |       ||     8
       Paralysed         |       |       |       |    14 ||    14
  Eat: Chunk             |     1 |     7 |    14 |     6 ||    28
       Royal jelly       |       |       |     1 |       ||     1
       Fruit             |       |       |     3 |       ||     3
